 Dungeon Crawl Stone Soup version 0.29-b1-12-g9e2288ab2a (webtiles) character file.

Game seed: 8597355158756092129

2701 Zeldest the Martial Artist (level 9, -11/68 HPs)
             Began as a Gnoll Transmuter on Aug 23, 2022.
             Was a Believer of Cheibriados.
             Killed from afar by Maggie (34 damage)
             ... with a bolt of fire
             ... on level 8 of the Dungeon.
             The game lasted 00:16:59 (2863 turns).

Zeldest the Martial Artist (Gnoll Transmuter)       Turns: 2863, Time: 00:17:00

Health: -11/68     AC:  7    Str: 14    XL:     9   Next: 65%
Magic:  14/19      EV: 20    Int: 21    God:    Cheibriados [**....]
Gold:   365        SH:  0    Dex: 19    Spells: 9/21 levels left

rFire   . . .      SeeInvis .     - Unarmed
rCold   . . .      Faith    .   (no shield)
rNeg    . . .      Spirit   .   a - +0 robe
rPois   .          Reflect  .   (no helmet)
rElec   .          Harm     .   (no cloak)
rCorr   .          Rampage  .   (no gloves)
Will    .....                   k - +0 pair of boots
Stlth   +++.......              y - amulet of the acrobat
HPRegen 0.21/turn               g - +4 ring of protection
MPRegen 0.16/turn               s - +4 ring of evasion

@: wereblooded, attractive, mesmerised, very slow
A: fangs 1, strong nose, distributed training
a: Renounce Religion, Bend Time


You were on level 8 of the Dungeon.
You worshipped Cheibriados.
Cheibriados was pleased with you.
You visited 2 branches of the dungeon, and saw 9 of its levels.

You collected 365 gold pieces.

Inventory:

Missiles
 z - 2 silver javelins
Armour
 a - a +0 robe (worn)
 k - a +0 pair of boots (worn)
Jewellery
 g - a +4 ring of protection (left hand)
 s - a +4 ring of evasion (right hand)
 t - a ring of protection from fire
 w - a ring of ice
 x - a ring of poison resistance
 y - an amulet of the acrobat (around neck)
Scrolls
 c - a scroll of blinking {unknown}
 d - 2 scrolls of enchant armour {unknown}
 e - 6 scrolls of teleportation
 f - 5 scrolls of magic mapping
 i - 2 scrolls of immolation {unknown}
 m - 3 scrolls of vulnerability {unknown}
 n - a scroll of brand weapon {unknown}
 o - a scroll of poison {unknown}
 A - a scroll of amnesia {unknown}
Potions
 b - a potion of brilliance
 h - a potion of heal wounds
 j - a potion of berserk rage
 l - a potion of lignification
 p - a potion of mutation
 q - a potion of curing
 r - a potion of cancellation {unknown}
 v - 2 potions of ambrosia


   Skills:
 + Level 5.3 Fighting
 + Level 4.6 Short Blades
 + Level 4.6 Long Blades
 + Level 4.6 Axes
 + Level 4.6 Maces & Flails
 + Level 4.6 Polearms
 + Level 4.6 Staves
 + Level 4.6 Ranged Weapons
 + Level 4.6 Throwing
 + Level 4.6 Armour
 + Level 6.6 Dodging
 + Level 4.6 Stealth
 + Level 4.6 Shields
 + Level 8.1 Unarmed Combat
 + Level 6.9 Spellcasting
 + Level 3.8 Conjurations
 + Level 3.8 Hexes
 + Level 3.8 Summonings
 + Level 3.8 Necromancy
 + Level 3.8 Translocations
 + Level 5.4 Transmutations
 + Level 3.8 Fire Magic
 + Level 3.8 Ice Magic
 + Level 3.8 Air Magic
 + Level 3.8 Earth Magic
 + Level 3.8 Poison Magic
 + Level 5.1 Invocations
 + Level 4.6 Evocations


You had 9 spell levels left.
You knew the following spells:

 Your Spells              Type           Power      Damage    Failure   Level
a - Beastly Appendage     Tmut           60%        N/A       1%          1
b - Wereblood             Tmut           30%        N/A       1%          2
c - Irradiate             Conj/Tmut      13%        3d16      36%         5
d - Ice Form              Ice/Tmut       26%        N/A       13%         4

Your spell library contained the following spells:

 Spells                   Type           Power      Damage    Failure   Level
 Sublimation of Blood     Necr           23%        N/A       2%          2
 Spider Form              Tmut/Pois      26%        N/A       4%          3
 Petrify                  Tmut/Erth      26%        N/A       13%         4


Dungeon Overview and Level Annotations

Branches:
Dungeon (8/15)             Temple (1/1) D:4
   Lair: D:8-11

Altars:
Ashenzari
Cheibriados
Dithmenos
Elyvilon
Fedhas
Gozag
Hepliaklqana
Kikubaaqudgha
Makhleb
Nemelex Xobeh
Qazlal
Ru
Sif Muna
Trog
Uskayaw
Vehumet
Wu Jian
Xom
Yredelemnul
Zin

Annotations:
D:4 exclusion: oklob sapling
D:8 Maggie
Temple 1 transporter


Innate Abilities, Weirdness & Mutations

You have very sharp teeth.
Your uncanny sense of smell can sniff out nearby items.
Your experience applies equally to all skills.


Message History

Your +0 robe melds into your body.
Casting: Ice Form (dangerous; 14% risk of failure)
Confirm with . or Enter, or press ? or * to list all spells.
Your blood is infused with primal strength.
Maggie the Vainglorious comes into view.
She is wielding a +0 war axe of flaming.
The orc completely misses you. The orc hits you but does no damage.
You punch the orc! You freeze the orc.
You feel a bit better.
You kill the orc!
Cheibriados appreciates the change of pace.
Cheibriados raises the support of your attributes as your movement slows.
You warm up again.
Your +0 pair of boots unmelds from your body.
Your +0 robe unmelds from your body.
Maggie says, "Leave now, and tell all of Margery's mercy!"
Maggie gestures at you while chanting. The bolt of fire hits you!!
* * * LOW HITPOINT WARNING * * *
You feel much better.
Okay, then.
Really quaff the potion of attraction?
You feel attractive to monsters. Maggie is attracted toward you.
You punch Maggie!
Maggie is moderately wounded.
Maggie barely misses you.
You hit Maggie but do no damage.
Maggie is moderately wounded.
Maggie hits you with a +0 war axe of flaming.
Maggie burns you.
You closely miss Maggie. You punch Maggie.
Maggie is moderately wounded.
Maggie gestures wildly while chanting.
Maggie attempts to bespell you!
You are mesmerised by Maggie!
You hit Maggie but do no damage. You punch Maggie.
Maggie is moderately wounded.
Maggie gestures at you while chanting. The bolt of fire hits you!!
Ouch! That really hurt!
You die...

### #......#
...##......#
...........# ..........#
.........# . .
##+###.....# .... #..#
#...##.....##..... #...
#....#....@)...... #...
#....#.....@...... #...
#...<#............ #...
#...##............
#...###...##............
#....)..................
.....)..................
..................>.....
......................


You could see Maggie (mesmerising).

Vanquished Creatures
  Eustachio (D:4)
  Menkaure (D:6)
  2 orc warriors
  2 ice beasts
  A sky beast (D:7)
  A black bear (D:6)
  2 ogres
  2 phantoms
  A kobold brigand (D:6)
  3 bullfrogs
  3 necrophages
  2 scorpions
  4 killer bees (D:5)
  A howler monkey (D:7)
  3 jellies
  4 hounds
  5 orc priests
  A gnoll bouda (D:5)
  Terence (D:3)
  8 orc wizards
  3 gnolls (D:5)
  6 adders
  A shadow imp (D:6)
  5 worms
  2 dart slugs
  21 orcs
  4 bats
  2 endoplasms (D:2)
  3 giant cockroaches
  3 goblins
  5 hobgoblins
  4 jackals (D:2)
  15 kobolds
  2 quokkas (D:2)
  4 ball pythons
  3 frilled lizards
  2 rats (D:3)
133 creatures vanquished.

Vanquished Creatures (others)
  3 plants (D:4)
3 creatures vanquished.

Grand Total: 136 creatures vanquished

Notes
Turn   | Place    | Note
-------+----------+-------------------------------------------
     0 | D:1      | Zeldest the Gnoll Transmuter began the quest for the Orb.
     0 | D:1      | Reached XP level 1. HP: 17/17 MP: 6/6
   218 | D:1      | Reached XP level 2. HP: 23/23 MP: 5/7
   221 | D:1      | Learned a level 2 spell: Wereblood
   383 | D:2      | You fall into a shaft and drop 1 floor!
   392 | D:3      | Reached skill level 5 in Spellcasting
   392 | D:3      | Reached XP level 3. HP: 26/28 MP: 4/9
   403 | D:3      | Reached skill level 1 in Short Blades
   403 | D:3      | Reached skill level 1 in Long Blades
   403 | D:3      | Reached skill level 1 in Axes
   403 | D:3      | Reached skill level 1 in Maces & Flails
   403 | D:3      | Reached skill level 1 in Polearms
   403 | D:3      | Reached skill level 1 in Staves
   403 | D:3      | Reached skill level 1 in Ranged Weapons
   403 | D:3      | Reached skill level 1 in Throwing
   403 | D:3      | Reached skill level 1 in Armour
   403 | D:3      | Reached skill level 1 in Stealth
   403 | D:3      | Reached skill level 1 in Shields
   403 | D:3      | Reached skill level 1 in Invocations
   403 | D:3      | Reached skill level 1 in Evocations
   405 | D:3      | Reached XP level 4. HP: 15/34 MP: 7/11
   408 | D:3      | Reached skill level 1 in Conjurations
   408 | D:3      | Reached skill level 1 in Hexes
   408 | D:3      | Reached skill level 1 in Summonings
   408 | D:3      | Reached skill level 1 in Necromancy
   408 | D:3      | Reached skill level 1 in Translocations
   408 | D:3      | Reached skill level 1 in Fire Magic
   408 | D:3      | Reached skill level 1 in Ice Magic
   408 | D:3      | Reached skill level 1 in Air Magic
   408 | D:3      | Reached skill level 1 in Earth Magic
   408 | D:3      | Reached skill level 1 in Poison Magic
   606 | D:2      | Found a faded altar of an unknown god.
   705 | D:2      | Reached XP level 5. HP: 40/40 MP: 10/12
   739 | D:2      | Learned a level 5 spell: Irradiate
   981 | D:3      | Found a shadowy altar of Dithmenos.
  1113 | D:4      | Noticed a phantom
  1132 | D:4      | Killed a phantom
  1133 | D:4      | Reached skill level 5 in Dodging
  1133 | D:4      | Reached XP level 6. HP: 35/47 MP: 11/14
  1219 | D:4      | Noticed Eustachio
  1227 | D:4      | Killed Eustachio
  1228 | D:4      | Reached skill level 7 in Unarmed Combat
  1228 | D:4      | Reached XP level 7. HP: 46/52 MP: 15/15
  1269 | D:4      | Found a radiant altar of Vehumet.
  1401 | D:5      | Entered Level 5 of the Dungeon
  1475 | D:3      | Noticed Terence
  1491 | D:3      | Killed Terence
  1552 | D:4      | Found a staircase to the Ecumenical Temple.
  1588 | Temple   | Entered the Ecumenical Temple
  1588 | Temple   | Found a transporter.
  1588 | Temple   | Found a transporter.
  1590 | Temple   | Found a transporter.
  1590 | Temple   | Found a transporter.
  1604 | Temple   | Became a worshipper of Cheibriados the Contemplative
  1696 | D:5      | Reached XP level 8. HP: 27/60 MP: 14/16
  1959 | D:6      | Reached * piety under Cheibriados
  2013 | D:6      | Reached skill level 5 in Transmutations
  2175 | D:6      | Noticed Menkaure
  2309 | D:4      | Reached XP level 9. HP: 46/67 MP: 13/18
  2426 | D:6      | Killed Menkaure
  2427 | D:6      | Reached skill level 5 in Fighting
  2443 | D:6      | Reached ** piety under Cheibriados
  2642 | D:7      | Reached skill level 8 in Unarmed Combat
  2754 | D:7      | Reached skill level 5 in Invocations
  2845 | D:8      | Learned a level 4 spell: Ice Form
  2855 | D:8      | Noticed Maggie
  2863 | D:8      | Killed from afar by Maggie

Illustrated notes

Levels and vault maps discovered:
D:1:      heliophobic_arrival_dark_side_of_the_moon, layout_basic
D:2:      layout_basic, shapermc_ecumenical_altar_totnotflames,
          minmay_misc_feat_doors, grunt_ministairs_12, minmay_fractal_squares_5
D:3:      layout_basic, lemuel_tele_altar, uniq_terence
D:4:      layout_loops_ring, lemuel_crystal_altar, minmay_temple_entry_oklob,
          nicolae_underground_beach, uniq_eustachio
D:5:      layout_gridville
D:6:      layout_cave_pools, uniq_menkaure
D:7:      layout_loops_ring, nicolae_sextant
D:8:      layout_gridville, uniq_grum, uniq_maggie
Temple:   hellmonk_temple_divided_pantheon

Skill      XL: |  1  2  3  4  5  6  7  8  9 |
---------------+----------------------------+-----
Spellcasting   | 5 6 |  6.9
Short Blades   | 1 2 3 4 |  4.6
Long Blades    | 1 2 3 4 |  4.6
Axes           | 1 2 3 4 |  4.6
Maces & Flails | 1 2 3 4 |  4.6
Polearms       | 1 2 3 4 |  4.6
Staves         | 1 2 3 4 |  4.6
Ranged Weapons | 1 2 3 4 |  4.6
Throwing       | 1 2 3 4 |  4.6
Armour         | 1 2 3 4 |  4.6
Stealth        | 1 2 3 4 |  4.6
Shields        | 1 2 3 4 |  4.6
Invocations    | 1 2 3 4 5 |  5.1
Evocations     | 1 2 3 4 |  4.6
Conjurations   | 1 2 3 |  3.8
Hexes          | 1 2 3 |  3.8
Summonings     | 1 2 3 |  3.8
Necromancy     | 1 2 3 |  3.8
Translocations | 1 2 3 |  3.8
Fire Magic     | 1 2 3 |  3.8
Ice Magic      | 1 2 3 |  3.8
Air Magic      | 1 2 3 |  3.8
Earth Magic    | 1 2 3 |  3.8
Poison Magic   | 1 2 3 |  3.8
Fighting       | 3 4 5 |  5.3
Transmutations | 4 5 |  5.4
Dodging        | 5 6 |  6.6
Unarmed Combat | 7 8 |  8.1

Action                   |  1- 3 |  4- 6 |  7- 9 || total
-------------------------+-------+-------+-------++-------
Melee: Unarmed           |    49 |   112 |   307 ||   468
       Bite              |     5 |    12 |    44 ||    61
       Kick              |     4 |    20 |    81 ||   105
       Headbutt          |     5 |    22 |    41 ||    68
       Punch             |     1 |     3 |    21 ||    25
 Cast: Beastly Appendage |     6 |    12 |    27 ||    45
       Wereblood         |     3 |     8 |    22 ||    33
       Ice Form          |       |       |     1 ||     1
Invok: Bend Time         |       |       |     1 ||     1
 Abil: End Transformatio |       |       |     1 ||     1
Evoke: Wand              |       |     3 |       ||     3
  Use: Potion            |     1 |       |     5 ||     6
       Scroll            |       |       |    12 ||    12
 Stab: Sleeping          |       |     1 |     4 ||     5
       Distracted        |       |       |     1 ||     1
Armor: Robe              |    15 |    28 |    50 ||    93
       Skin              |     3 |     2 |    34 ||    39
Dodge: Dodged            |    22 |    60 |   215 ||   297
